 Dungeon Crawl Stone Soup version 0.17.0-1-g61d176b (webtiles) character file.

4569 tp1 the Thaumaturge (level 10, -8/45 HPs)
             Began as a Deep Elf Conjurer on Nov 7, 2015.
             Was a Priest of Sif Muna.
             Mangled by a troll (11 damage)
             ... on level 10 of the Dungeon.
             The game lasted 00:43:33 (10981 turns).

tp1 the Thaumaturge (Deep Elf Conjurer)            Turns: 10981, Time: 00:43:33

Health: -8/45      AC:  7    Str:  3    XL:     10   Next: 18%
Magic:  10/30      EV: 12    Int: 24    God:    Sif Muna [***...]
Gold:   402        SH:  4    Dex: 15    Spells: 4 memorised, 24 levels left

rFire  . . .     SeeInvis .     L - staff of wizardry
rCold  . . .     Clarity  .     a - +0 robe
rNeg   . . .     SustAt   +     S - +0 buckler
rPois  .         Gourm    .     A - +2 helmet
rElec  .         Spirit   .     g - +1 cloak
rCorr  +         Warding  .     (no gloves)
rMut   .         Stasis   .     (no boots)
MR     +....                    W - amulet of resist corrosion
Stlth  ++........               (no ring)
                                B - ring of sustain attributes

@: somewhat resistant to hostile enchantments, unstealthy
A: frail 1, weak 1
a: Channel Energy, Forget Spell, Renounce Religion


You were on level 10 of the Dungeon.
You worshipped Sif Muna.
Sif Muna was most pleased with you.
You were hungry.

You visited 1 branch of the dungeon, and saw 10 of its levels.

You collected 492 gold pieces.
You spent 90 gold pieces at shops.

Inventory:

Hand Weapons
 s - a +1 mace of holy wrath
 N - a +1 quarterstaff of speed
Armour
 a - a +0 robe (worn)
 g - a +1 cloak (worn)
 l - a +0 shield
 A - a +2 helmet (worn)
 G - a +2 leather armour of cold resistance
 S - a +0 buckler (worn)
Magical Staves
 L - an uncursed staff of wizardry (weapon)
Jewellery
 y - an uncursed ring of fire
 B - a ring of sustain attributes (left hand)
 F - an uncursed ring of sustain attributes
 H - an uncursed amulet of guardian spirit
 W - an amulet of resist corrosion (around neck)
Wands
 k - a wand of fireball (9)
 o - a wand of teleportation (3)
 v - a wand of disintegration (11)
 P - a wand of paralysis (14)
 T - a wand of paralysis (11)
 V - a wand of disintegration (12)
Scrolls
 d - 7 scrolls of remove curse
 i - 7 scrolls of teleportation
 n - 2 scrolls of enchant armour
 p - 2 scrolls of recharging
 r - 2 scrolls of fog {unknown}
 u - a scroll of blinking {unknown}
 z - 3 scrolls of noise {unknown}
 D - a scroll of magic mapping {unknown}
 I - a scroll of random uselessness {unknown}
 J - a scroll of amnesia {unknown}
 K - a scroll of immolation {unknown}
 M - a scroll of enchant weapon {unknown}
 O - 2 scrolls of torment {unknown}
 Q - a scroll of summoning {unknown}
Potions
 e - a potion of resistance
 h - a potion of heal wounds
 m - 5 potions of curing
 q - 2 potions of invisibility
 t - 3 potions of brilliance {unknown}
 x - 2 potions of poison {unknown}
 C - 2 potions of magic {unknown}
 E - a potion of mutation {unknown}
Books
 b - a book of Conjurations

   Spells                             Type                      Level
   a - Magic Dart                     Conjuration                  1
   b - Searing Ray                    Conjuration                  2
   c - Dazzling Spray                 Conjuration/Hexes            3
   d - Fulminant Prism                Conjuration/Hexes            4
   e - Iskenderun's Mystic Blast      Conjuration                  4
   f - Iskenderun's Battlesphere      Conjuration/Charms           5
 w - a book of Ice

   Spells                             Type                      Level
   a - Ice Form                       Ice/Transmutation            4
   b - Metabolic Englaciation         Hexes/Ice                    5
   c - Ozocubu's Refrigeration        Ice                          6
   d - Bolt of Cold                   Conjuration/Ice              6
   e - Freezing Cloud                 Conjuration/Ice/Air          6
   f - Simulacrum                     Ice/Necromancy               6
 R - the Almanac of Transmigration and Stones
   (You found it on level 7 of the Dungeon)

   Spells                             Type                      Level
   a - Sticks to Snakes               Transmutation                2
   b - Stoneskin                      Transmutation/Earth          2
   c - Passwall                       Transmutation/Earth          3
   d - Spider Form                    Transmutation/Poison         3
   e - Ice Form                       Ice/Transmutation            4
   f - Irradiate                      Conjuration/Transmutation    5
Comestibles
 c - 8 bread rations
 f - 2 slices of pizza
 j - 2 fruits
 U - 2 meat rations


   Skills:
 - Level 2.4 Dodging
 - Level 2.4 Stealth
 + Level 1.6 Shields
 - Level 14.0 Spellcasting
 - Level 9.0 Conjurations
 - Level 9.4 Charms


You had 24 spell levels left.
You knew the following spells:

 Your Spells              Type           Power        Failure   Level  Hunger
a - Magic Dart            Conj           ####         1%          1    None
b - Searing Ray           Conj           ######       1%          2    None
c - Iskenderun's Battles  Conj/Chrm      ######..     1%          5    ###....
d - Irradiate             Conj/Trmt      #####.....   9%          5    ###....


Dungeon Overview and Level Annotations

Branches:
Dungeon (10/15)            Temple (0/1) D:7            Lair (0/8) D:9
    Orc: D:9-12

Altars:
Ashenzari
Cheibriados
Dithmenos
Elyvilon
Fedhas
Makhleb
Okawaru
Qazlal
Ru
Sif Muna
Yredelemnul
Zin
The Shining One

Annotations:
D:4 exclusion: oklob plant


Innate Abilities, Weirdness & Mutations

You are frail (-10% HP).
You are weak. (Str -2)


Message History

Your battlesphere fires!
The barrage of energy hits the troll.
The troll is lightly wounded.
Casting: Magic Dart
Confirm with . or Enter, or press ? or * to list all spells.
Aiming: Magic Dart
Press: ? - help, Shift-Dir - straight line, f/p - troll
Aim: a troll (lightly wounded)
The magic dart hits the troll.
The troll is moderately wounded.
Your battlesphere fires!
The barrage of energy hits the troll.
The troll is moderately wounded.
The troll bites you!! The troll claws you. The troll claws you!
* * * LOW HITPOINT WARNING * * *
Drink which item? (? for menu, Esc to quit)
You feel much better. The troll bites you!
* * * LOW HITPOINT WARNING * * *
The troll claws you!
You die...

.........
..........
..$.......
#.........
#...*.....
#.........
#$.......
#@T..#
#..#...#
#..# .#
.....
......##
........#
.........
.........
.........


You could see a troll.

Vanquished Creatures
  Pikel (D:7)
  A fire drake (D:9)
  A trapdoor spider zombie (D:9)
  A two-headed ogre (D:8)
  3 wyverns (D:9)
  A steam dragon (D:9)
  A hungry ghost (D:9)
  An orc warrior (D:5)
  Duvessa (D:7)
  2 ice beasts
  2 sky beasts
  A slave (D:7)
  A wasp (D:9)
  4 ogres
  A centaur (D:9)
  A giant frog (D:9)
  Dowan (D:7)
  4 scorpions
  2 crimson imps
  8 hounds
  9 orc priests
  A giant frog skeleton (D:8)
  9 orc wizards
  Natasha (thrice) (D:4)
  4 iguanas
  A worker ant (D:6)
  A killer bee zombie (D:9)
  A hound zombie (D:8)
  Robin (D:4)
  18 adders
  11 gnolls
  3 shadow imps
  An ooze (D:2)
  2 worms
  11 giant geckos
  18 orcs
  6 ball pythons
  5 giant cockroaches
  21 goblins
  8 hobgoblins
  8 jackals
  3 kobolds
  6 quokkas
  9 bats
  7 giant newts
  A jackal skeleton (D:8)
  3 rats
209 creatures vanquished.

Vanquished Creatures (others)
  23 toadstools (D:4)
23 creatures vanquished.

Grand Total: 232 creatures vanquished

Notes
Turn   | Place    | Note
--------------------------------------------------------------
     0 | D:1      | tp1 the Deep Elf Conjurer began the quest for the Orb.
     0 | D:1      | Reached XP level 1. HP: 10/10 MP: 6/6
   366 | D:1      | Reached XP level 2. HP: 15/15 MP: 6/8
   371 | D:1      | Reached skill level 5 in Conjurations
   476 | D:1      | Learned a level 2 spell: Searing Ray
  1646 | D:2      | Reached XP level 3. HP: 19/19 MP: 7/9
  1706 | D:2      | Found an iron altar of Okawaru.
  1865 | D:2      | Found a shadowy altar of Dithmenos.
  1866 | D:2      | Found a snail-covered altar of Cheibriados.
  2067 | D:2      | Gained mutation: Your flesh is cold resistant. [potion of beneficial mutation]
  2172 | D:2      | Reached skill level 6 in Conjurations
  2252 | D:2      | Reached XP level 4. HP: 24/24 MP: 7/10
  2885 | D:3      | Reached skill level 5 in Spellcasting
  2885 | D:3      | Reached XP level 5. HP: 28/28 MP: 9/14
  2896 | D:3      | Learned a level 5 spell: Iskenderun's Battlesphere
  3104 | D:3      | Reached skill level 1 in Charms
  4008 | D:4      | Found a burning altar of Makhleb.
  4041 | D:4      | Noticed Natasha
  4044 | D:4      | Killed Natasha
  4185 | D:4      | Reached XP level 6. HP: 32/32 MP: 1/15
  4314 | D:4      | Found a blossoming altar of Fedhas.
  4327 | D:4      | Noticed an oklob plant
  4377 | D:4      | Reached skill level 5 in Charms
  4439 | D:4      | Noticed Natasha
  4442 | D:4      | Killed Natasha
  4445 | D:4      | Noticed Robin
  4559 | D:4      | Killed Robin
  4898 | D:4      | Noticed Natasha
  4899 | D:4      | Killed Natasha
  5064 | D:4      | Found a blossoming altar of Fedhas.
  5188 | D:4      | Found a burning altar of Makhleb.
  5259 | D:4      | Reached skill level 7 in Charms
  5505 | D:5      | Entered Level 5 of the Dungeon
  5509 | D:5      | Reached XP level 7. HP: 36/36 MP: 7/16
  5513 | D:5      | Reached skill level 8 in Charms
  5676 | D:5      | Found a sacrificial altar of Ru.
  5937 | D:5      | Reached skill level 9 in Charms
  6274 | D:5      | Found a sacrificial altar of Ru.
  7151 | D:6      | Reached XP level 8. HP: 41/41 MP: 13/20
  7586 | D:6      | Gained mutation: You are frail (-10% HP). [mutagenic meat]
  7587 | D:6      | Gained mutation: You are weak. (Str -2) [mutagenic meat]
  7588 | D:6      | Lost mutation: Your flesh is cold resistant. [mutagenic meat]
  8056 | D:6      | Found a glowing golden altar of the Shining One.
  8057 | D:6      | Found a deep blue altar of Sif Muna.
  8059 | D:6      | Found a basalt altar of Yredelemnul.
  8061 | D:6      | Found a shattered altar of Ashenzari.
  8062 | D:6      | Found a blossoming altar of Fedhas.
  8073 | D:6      | Became a worshipper of Sif Muna the Loreminder
  8084 | D:6      | Found a glowing golden altar of the Shining One.
  8226 | D:7      | Reached skill level 10 in Spellcasting
  8242 | D:7      | Found a stormy altar of Qazlal.
  8348 | D:7      | Found Zin's Purification Station.
  8353 | D:7      | Found a glowing silver altar of Zin.
  8357 | D:7      | Noticed Dowan
  8358 | D:7      | Noticed Duvessa
  8362 | D:7      | Killed Dowan
  8364 | D:7      | Killed Duvessa
  8364 | D:7      | Reached skill level 11 in Spellcasting
  8365 | D:7      | Reached * piety under Sif Muna
  8366 | D:7      | Bought a potion of curing for 90 gold pieces
  8400 | D:7      | You fall through a shaft for 3 floors!
  8400 | D:10     | Entered Level 10 of the Dungeon
  8543 | D:10     | Reached XP level 9. HP: 40/40 MP: 17/26
  8598 | D:9      | Reached skill level 12 in Spellcasting
  8814 | D:7      | Identified the Almanac of Transmigration and Stones
  8845 | D:7      | Learned a level 5 spell: Irradiate
  8910 | D:7      | Noticed Pikel
  8924 | D:7      | Killed Pikel
  8924 | D:7      | Reached ** piety under Sif Muna
  8924 | D:7      | Reached skill level 13 in Spellcasting
  8961 | D:7      | Found a staircase to the Ecumenical Temple.
  9084 | D:7      | Found a stormy altar of Qazlal.
  9197 | D:7      | Found a staircase to the Ecumenical Temple.
  9248 | D:7      | Found a glowing silver altar of Zin.
  9455 | D:8      | Found a white marble altar of Elyvilon.
  9678 | D:8      | Reached skill level 14 in Spellcasting
 10136 | D:8      | Reached *** piety under Sif Muna
 10442 | D:9      | Found a staircase to the Lair.
 10442 | D:9      | Noticed a fire drake
 10446 | D:9      | Killed a fire drake
 10553 | D:9      | Reached XP level 10. HP: 45/45 MP: 21/30
 10640 | D:9      | Reached skill level 1 in Shields
 10977 | D:10     | Noticed a troll
 10981 | D:10     | Mangled by a troll

Action                   |  1- 3 |  4- 6 |  7- 9 | 10-12 || total
-------------------------+-------+-------+-------+-------++-------
Melee: Mace              |       |     2 |    10 |       ||    12
 Cast: Magic Dart        |    74 |   124 |   146 |    29 ||   373
       Searing Ray       |     3 |     9 |     2 |       ||    14
       Iskenderun's Batt |       |     7 |    37 |     8 ||    52
       Irradiate         |       |       |     2 |       ||     2
  Use: Potion            |     6 |       |       |     2 ||     8
       Scroll            |       |     1 |     6 |     2 ||     9
  Eat: Chunk             |     4 |    12 |    27 |     1 ||    44
